 Dungeon Crawl Stone Soup version 0.17-a0-1078-g243345b (webtiles) character file.

197 RobertPalmer the Slasher (level 5, -2/49 HPs)
             Began as a Naga Chaos Knight on May 19, 2015.
             Killed by nerve-wracking pain
             ... invoked by Grinder
              (13 damage)
             ... on level 3 of the Dungeon.
             The game lasted 00:04:31 (2560 turns).

RobertPalmer the Slasher (Naga Chaos Knight)        Turns: 2560, Time: 00:04:32

Health: -2/49      AC:  5    Str: 15    XL:     5   Next: 75%
Magic:  5/5        EV: 14    Int: 18    God:    Xom [..*...]
Gold:   111        SH:  0    Dex: 15    Spells: 0 memorised, 4 levels left

rFire  . . .     SeeInvis +     a - +0 falchion (chaos)
rCold  . . .     Clarity  .     b - +2 leather armour
rNeg   . . .     SustAb   .     (no shield)
rPois  +         Gourm    .     (no helmet)
rElec  .         Spirit   .     (no cloak)
rCorr  .         Warding  .     (no gloves)
rMut   .         Stasis   .     (no barding)
MR     .....                    (no amulet)
Stlth  ++........               (no ring)
                                (no ring)

@: brilliant, agile, about to teleport, flying, very slow, not resistant to
hostile enchantments, unstealthy
A: see invisible, deformed body, poison resistance, slowness 2, slow metabolism
1, spit poison 2, AC +1
a: Spit Poison, Renounce Religion


You were on level 3 of the Dungeon.
You worshipped Xom.
You were a toy of Xom.
You were very hungry.

You visited 1 branch of the dungeon, and saw 3 of its levels.

You collected 111 gold pieces.

Inventory:

Hand weapons
 a - a +0 falchion of chaos (weapon)
 n - a +0 long sword
   (You found it on level 2 of the Dungeon)
Missiles
 f - a throwing net {=f, !d}
Armour
 b - a +2 leather armour (worn)
 l - a +0 pair of gloves
   (You found it on level 2 of the Dungeon)
Jewellery
 d - a cursed -2 ring of intelligence {unknown}
   (You found it on level 3 of the Dungeon)
 e - an uncursed ring of positive energy {unknown}
   (You took it off a hobgoblin on level 3 of the Dungeon)
 o - an uncursed ring of poison resistance {unknown}
   (You found it on level 3 of the Dungeon)
Magical devices
 k - a wand of flame (18)
   (You found it on level 2 of the Dungeon)
Scrolls
 g - a scroll of magic mapping {!r}
Comestibles
 c - 2 bread rations {@e1}
 h - 2 meat rations {@e2}
 m - a fruit
 p - 2 beef jerkies


   Skills:
 - Level 3.0 Fighting
 + Level 6.2 Long Blades
 - Level 1.5 Armour
 - Level 0.7 Dodging


You had 4 spell levels left.
You didn't know any spells.

Dungeon Overview and Level Annotations

Branches:
Dungeon (3/15)

Altars:
Gozag

Annotations:
D:3 Grinder


Innate Abilities, Weirdness & Mutations

You cannot wear boots.
Your serpentine skin is tough (AC +1).
You have supernaturally acute eyesight.
Armour fits poorly on your strangely shaped body.
Your system is resistant to poisons.
You cover ground very slowly.
You have a slow metabolism.
You can spit poison.


Message History

Pain shoots through your body!
You take 6 damage, and have 38/49 hp.
You hit Grinder.
You feel less confused.
Grinder zaps a wand.
You resist with some effort.
You hit Grinder.
Grinder zaps a wand.
You resist with some effort. Grinder gestures at you.
You resist with some effort.
You hit Grinder.
Grinder is poisoned.
Grinder misses you.
Unknown command.
You slash Grinder!
Grinder zaps a wand.
Your will is overpowered!
You are confused.
Grinder gestures at you.
You suddenly lose the ability to move!
Grinder gestures.
Grinder blinks!
You can move again.
Unknown command.
Unknown command.
Grinder zaps a wand.
You resist with some effort.
Grinder drinks a potion.
Grinder is healed!
Grinder looks more healthy.
Unknown command.
Unknown command.
Grinder zaps a wand.
Nothing appears to happen.
There is a stone staircase leading up here.
Unknown command.
Unknown command.
Unknown command.
Grinder gestures at you. You resist with some effort.
Unknown command.
Unknown command.
Unknown command.
You feel less confused. "Go forth and cause havoc, mortal!"
You feel more agile all of a sudden. Grinder gestures at you.
You suddenly lose the ability to move!
Grinder drinks a potion.
Grinder is healed!
Grinder hits you.
You writhe in agony.
Grinder gestures at you. Pain shoots through your body! Grinder hits you.
You writhe in agony.
Grinder gestures at you.
You struggle to resist.
Grinder hits you!
You writhe in agony.
* * * LOW HITPOINT WARNING * * *
You can move again.
There is a stone staircase leading up here.
You take 25 damage, and have 14/49 hp.
MASSIVE DAMAGE!!
Unknown command.
Unknown command.
You slash Grinder! Grinder barely misses you.
You closely miss Grinder. Grinder gestures at you.
Pain shoots through your body!
* * * LOW HITPOINT WARNING * * *
Grinder misses you.
You take 4 damage, and have 10/49 hp.
Unknown command.
Unknown command.
You hit Grinder but do no damage. Grinder closely misses you.
Unknown command.
Drink which item? (? for menu, Esc to quit)
It was a potion of brilliance.
You feel more clever all of a sudden.
Xom is mildly amused.
Grinder gestures at you.
You shrug off the repeated paralysis!
Grinder gestures.
Grinder blinks!
Unknown command.
Unknown command.
Unknown command.
Drink which item? (? for menu, Esc to quit)
It was a potion of flight.
You feel very buoyant.
You fly up into the air.
Xom roars with laughter!
Unknown command.
Unknown command.
Okay, then.
Okay, then.
Read which item? (? for menu, Esc to quit)
As you read the scroll labeled HAYMEA ROADIT, it crumbles to dust.
You feel strangely unstable.
It was a scroll of teleportation.
Grinder is no longer moving quickly.
Grinder gestures at you. Pain shoots through your body!
You die...
Xom snickers!

.#..................#**
......................*
.....####............######
.....#...##...............#
........)..........5.####.#
........................#.#
.#.#......................#
.#.###.........#ยง)####.####
.#.###.........'@........#
...............#..####.#.#
.......#.......#..# #.#.#
.......#.......#..# #.#.#
.......#.###.#.#..# #.#.#
.............#.#..# #.#.#
.............#.#..#**#.#.#
.............#.#...,,..#.#
.............#.#.##*****,*


You could see Grinder.

Vanquished Creatures
  A giant frog (D:3)
  An orc priest (D:3)
  An adder (D:2)
  3 gnolls (D:3)
  2 worms (D:3)
  3 giant geckos
  3 orcs (D:3)
  A ball python (D:2)
  2 giant cockroaches (D:3)
  8 goblins
  4 hobgoblins
  4 jackals (D:1)
  8 kobolds
  A quokka (D:2)
  10 bats
  4 giant newts
  4 rats
60 creatures vanquished.

Vanquished Creatures (collateral kills)
  A giant cockroach (D:3)
  A bat (D:2)
2 creatures vanquished.

Grand Total: 62 creatures vanquished

Notes
Turn   | Place    | Note
--------------------------------------------------------------
     0 | D:1      | RobertPalmer the Naga Chaos Knight began the quest for the Orb.
     0 | D:1      | Reached XP level 1. HP: 21/21 MP: 1/1
    19 | D:1      | XOM: harmless Divn miscast
    89 | D:1      | Reached XP level 2. HP: 25/28 MP: 2/2
   122 | D:1      | XOM: divination: detect items
   256 | D:1      | Reached skill level 4 in Long Blades
   395 | D:1      | XOM is BORED!
   395 | D:1      | XOM: noise
   405 | D:1      | Reached XP level 3. HP: 25/34 MP: 3/3
   832 | D:2      | Found an opulent altar of Gozag.
  1184 | D:2      | XOM: mild Necr miscast
  1523 | D:3      | XOM: potion effect (curing)
  1613 | D:3      | Noticed a giant frog
  1618 | D:3      | Killed a giant frog
  1618 | D:3      | Reached skill level 5 in Long Blades
  1618 | D:3      | Reached XP level 4. HP: 30/42 MP: 4/4
  1618 | D:3      | Reached XP level 5. HP: 35/49 MP: 5/5
  1682 | D:3      | HP: 7/49 [gnoll/spear (14)]
  1690 | D:3      | HP: 10/49 [gnoll/spear (8)]
  1900 | D:3      | XOM: harmless Air miscast
  2105 | D:3      | Reached skill level 6 in Long Blades
  2506 | D:3      | Noticed Grinder
  2518 | D:3      | XOM: potion effect (agility)
  2527 | D:3      | Paralysed by Grinder for 3 turns
  2540 | D:3      | XOM: potion effect (brilliance)
  2545 | D:3      | Paralysed by Grinder for 2 turns
  2550 | D:3      | XOM: potion effect (agility)
  2550 | D:3      | Paralysed by Grinder for 5 turns
  2556 | D:3      | HP: 10/49 [Grinder/nerve-wracking pain (4)]
  2560 | D:3      | Killed from afar by Grinder

Vault maps used:
D:1:      minmay_arrival_semitransparent
D:2:      nicolae_gozag_cash_rules_everything_around_me
D:3:      first_bread, uniq_grinder

Action                   |  1- 3 |  4- 6 || total
-------------------------+-------+-------++-------
Melee: Falchion          |   145 |    70 ||   215
 Abil: Spit Poison       |       |     2 ||     2
  Use: Scroll            |     5 |     2 ||     7
       Potion            |       |     4 ||     4
  Eat: Chunk             |     1 |     2 ||     3

Vault maps used:
D:1:      minmay_arrival_semitransparent
D:2:      nicolae_gozag_cash_rules_everything_around_me
D:3:      first_bread, uniq_grinder

Table legend:
 A = Turns spent in this place as a percentage of turns spent in the entire game.
 B = Non-inter-level travel turns spent in this place as a percentage of non-inter-level travel turns spent in the entire game.
 C = Inter-level travel turns spent in this place as a percentage of turns spent in this place.
 D = Turns resting spent in this place as a percentage of non-inter-level travel turns spent in this place.
 E = Turns spent auto-exploring this place as a percentage of non-inter-level travel turns spent in this place.
 F = Non-inter-level travel turns spent in this place divided by the number of levels of this place that you've seen.
                   A       B       C       D       E      F
               +-------+-------+-------+-------+-------+----------------------
         Total | 100.0 | 100.0 |   0.5 |   1.2 |  10.9 | 274.3
       Dungeon | 100.0 | 100.0 |   0.5 |   1.2 |  10.9 | 274.3
               +-------+-------+-------+-------+-------+----------------------

Table legend:
 A = Kills in this place as a percentage of kills in entire the game.
 B = Kills by you in this place as a percentage of kills by you in the entire game.
 C = Kills by friends in this place as a percentage of kills by friends in the entire game.
 D = Other kills in this place as a percentage of other kills in the entire game.
 E = Experience gained in this place as a percentage of experience gained in the entire game.
 F = Experience gained in this place divided by the number of levels of this place that you have seen.
                   A       B       C       D       E      F
               +-------+-------+-------+-------+-------+----------------------
         Total | 100.0 | 100.0 | 100.0 | 100.0 | 100.0 |  94.0
       Dungeon | 100.0 | 100.0 | 100.0 | 100.0 | 100.0 |  94.0
               +-------+-------+-------+-------+-------+----------------------
